 Dungeon Crawl Stone Soup version 0.26.0-16-gc1dbca0489 (webtiles) character file.

Game seed: 13237161882038036474

79 littlecub the Vexing (level 4, 0/24 HPs)
             Began as a Vampire Enchanter on Jan 19, 2021.
             Slain by an adder (4 damage)
             ... on level 2 of the Dungeon.
             The game lasted 00:06:11 (2206 turns).

littlecub the Vexing (Vampire Enchanter)            Turns: 2206, Time: 00:06:11

Health: 0/24       AC:  4    Str:  7    XL:     4   Next: 17%
Magic:  0/7        EV: 12    Int: 18    God:
Gold:   56         SH:  0    Dex: 14    Spells: 1/7 levels left

rFire    . . .     SeeInvis +   a - +1 dagger
rCold    + + .     Faith    .   (no shield)
rNeg     + + +     Spirit   .   b - +0 robe
rPois    ∞         Reflect  .   o - +2 hat
rElec    .         Harm     .   (no cloak)
rCorr    .         Rampage  .   (no gloves)
Will     .....                  (no boots)
Stlth    +++++.....             (no amulet)
HPRegen  0.00/turn              (no ring)
MPRegen  0.10/turn              (no ring)

@: bloodless
A: fangs 3, see invisible, unbreathing
a: Bat Form, Revivify


You were on level 2 of the Dungeon.
You visited 1 branch of the dungeon, and saw 2 of its levels.

You collected 56 gold pieces.

Inventory:

Hand Weapons
 a - a +1 dagger (weapon)
Missiles
 f - 11 sling bullets
Armour
 b - a +0 robe (worn)
 o - a +2 hat (worn)
Scrolls
 c - 2 scrolls of teleportation
 d - 2 scrolls of remove curse
 e - 2 scrolls of immolation
 h - 2 scrolls of fog
 i - a scroll of enchant armour
 l - a scroll of enchant weapon
 p - a scroll of amnesia {unknown}
Potions
 j - a potion of lignification {unknown}
 k - a potion of mutation {unknown}
 m - a potion of attraction {unknown}
 n - 2 potions of cancellation {unknown}


   Skills:
 * Level 2.4 Short Blades
 - Level 2.1 Dodging
 * Level 5.2 Stealth
 + Level 2.3 Spellcasting
 * Level 5.3 Hexes
 * Level 1.2 Ice Magic


You had one spell level left.
You knew the following spells:

 Your Spells              Type           Power        Failure   Level
a - Corona                Hex            23%          1%          1
b - Ensorcelled Hibernat  Hex/Ice        26%          7%          2
c - Confusing Touch       Hex            21%          6%          3

Your spell library contained the following spells:

 Spells                   Type           Power        Failure   Level
 Tukima's Dance           Hex            21%          6%          3
 Dazzling Flash           Conj/Hex       22%          19%         3


Dungeon Overview and Level Annotations

Branches:
Dungeon (2/15)

Altars:
Ashenzari
Cheibriados
Xom


Innate Abilities, Weirdness & Mutations

You do not regenerate when monsters are visible.
You are frail without blood (-20% HP).
You can heal yourself when you bite living creatures.
You are immune to poison.
You have razor-sharp teeth.
You have supernaturally acute eyesight. (SInv)
You can survive without breathing.


Message History

The adder barely misses you. The adder bites you.
You hit the adder.
The adder is heavily wounded.
The adder barely misses you.
Aiming: Ensorcelled Hibernation (safe; 7% risk of failure)
Press: ? - help, Q - select action, (/) - cycle Shift-Dir - straight line, f/p - adder
Aim: an adder (heavily wounded, chance to affect: 52%)
The adder resists with significant effort.
The adder bites you.
You hit the adder but do no damage. You bite the adder, but do no damage.
The adder is heavily wounded.
The adder bites you.
You hit the adder.
The adder is almost dead.
The adder bites you.
* * * LOW HITPOINT WARNING * * *
You closely miss the adder.
The adder is almost dead.
The adder bites you.
You die...

## #.#.# ....#..
#.#.# ....#.. #.#..
_..... #...# ....#
#...# ....#
#####...# ...
........####.####..
..........@Sr......
.....##...###......
... ###.# ..... .
#.# r... #.# ...
#.# .. #.# # #.#
#.#


You could see an adder and a quokka.

Vanquished Creatures
  2 adders (D:2)
  An ooze (D:1)
  A worm (D:2)
  2 dart slugs
  A leopard gecko (D:1)
  4 bats (D:1)
  6 goblins
  A hobgoblin (D:1)
  15 jackals
  A quokka (D:2)
  4 frilled lizards
  5 kobolds
  2 rats (D:2)
45 creatures vanquished.

Notes
Turn   | Place    | Note
-------+----------+-------------------------------------------
     0 | D:1      | littlecub the Vampire Enchanter began the quest for the
                  | Orb.
     0 | D:1      | Reached XP level 1. HP: 13/13 MP: 3/3
   121 | D:1      | Reached XP level 2. HP: 19/19 MP: 5/5
   132 | D:1      | Learned a level 2 spell: Ensorcelled Hibernation
   516 | D:1      | Reached XP level 3. HP: 19/19 MP: 6/6
   653 | D:1      | Reached skill level 5 in Hexes
   924 | D:1      | Learned a level 3 spell: Confusing Touch
   930 | D:2      | Found a snail-covered altar of Cheibriados.
   946 | D:2      | Reached skill level 5 in Stealth
  1202 | D:2      | Reached skill level 1 in Ice Magic
  1369 | D:2      | Reached XP level 4. HP: 24/24 MP: 7/7
  1878 | D:2      | Found a shimmering altar of Xom.
  1880 | D:2      | Found a blossoming altar of Fedhas.
  1880 | D:2      | Found a burning altar of Makhleb.
  1882 | D:2      | Found a broken altar of Ashenzari.
  1882 | D:2      | Found a burning altar of Makhleb.
  1882 | D:2      | Found a blossoming altar of Fedhas.
  2193 | D:2      | Found a broken altar of Ashenzari.
  2206 | D:2      | Slain by an adder

Illustrated notes

Levels and vault maps discovered:
D:1:      psy_arrival_basics, layout_rooms
D:2:      layout_basic, overflow_temple_1_default, doesnt_xom_only_xom,
          old_standard_altar

Skill      XL: |  1  2  3 |
---------------+----------+-----
Short Blades   | 2 |  2.4
Hexes          | 5 |  5.3
Stealth        | 5 |  5.2
Ice Magic      | 1 |  1.2
Dodging        | |  2.1
Spellcasting   | |  2.3

Action                   |  1- 3 |  4- 6 || total
-------------------------+-------+-------++-------
Melee: Dagger            |    67 |    29 ||    96
       Bite              |     5 |     3 ||     8
 Cast: Corona            |     6 |       ||     6
       Ensorcelled Hiber |    14 |    10 ||    24
 Abil: Exsanguinate      |     1 |       ||     1
  Use: Scroll            |     2 |     5 ||     7
 Stab: Sleeping          |    26 |     5 ||    31
Armor: Robe              |     9 |     7 ||    16
Dodge: Dodged            |    34 |    20 ||    54
